AoeStats
← pa_sk

MegaRandom

506214125Analyzed
1v1 RM · 19d ago on Sep 12, 2026· 55m 3s· 2 players
Game mode
Random Map
Map size
Tiny (2 player)
Population
200
Speed
Normal
Resources
Standard
Victory
Conquest
Starting age
Dark Age
Ending age
Imperial Age
RankedLock teamsTeams togetherTeam positionsShared explorationLock speedFull tech treeHidden civsTurbo modeCheats
Victory
Defeat
🇵🇱 Huns · Poland
830
+15
🇦🇹 Franks · Austria
806
-15
Tar Narmir
8:29 Loom
12:53 Feudal Age
18:36 Castle Age
18:11 Double-Bit Axe
19:15 Wheelbarrow
23:40 Fishing Lines
29:52 Scale Barding Armor
31:52 Forging
33:56 Hand Cart
34:23 Gillnets
39:10 Fletching
45:33 Pikeman
50:44 Imperial Age
49:55 Husbandry
49:57 Scale Mail Armor
pa_sk
7:01 Loom
11:29 Feudal Age
12:03 Town Watch
14:58 Bloodlines
15:46 Scale Barding Armor
15:49 Double-Bit Axe
17:01 Forging
25:58 Castle Age
26:45 Horse Collar
27:33 Heavy Plow
30:01 Scale Mail Armor
29:44 Pikeman
31:00 Squires
37:00 Light Cavalry
37:43 Husbandry
46:28 Wheelbarrow
53:42 Hand Cart
54:18 Man-at-Arms
54:59 Gold Mining
55:01 Stone Mining
Connection lost

Rejoining the realm…

Still unreachable

The connection could not be restored.

Session expired

The server has moved on; the page needs a fresh start.